 Dungeon Crawl Stone Soup version 0.19-a0-19-gf75ed07 (webtiles) character file.

95 epen the Sneak (level 4, -4/31 HPs)
             Began as a Vampire Enchanter on Apr 30, 2016.
             Killed from afar by an orc wizard (8 damage)
             ... with a magic dart
             ... on level 3 of the Dungeon.
             The game lasted 00:04:10 (2403 turns).

epen the Sneak (Vampire Enchanter)                  Turns: 2403, Time: 00:04:11

Health: -4/31      AC:  0    Str:  7    XL:     4   Next: 39%
Magic:  2/7        EV: 21    Int: 17    God:
Gold:   113        SH:  0    Dex: 20    Spells: 2 memorised, 4 levels left

rFire  . . .     SeeInvis +     (weapon currently unavailable)
rCold  + + .     Gourm    .     (armour currently unavailable)
rNeg   + + +     Faith    .     (shield currently unavailable)
rPois  +         Spirit   .     (helmet currently unavailable)
rElec  .         Dismiss  .     (cloak currently unavailable)
rCorr  .         Reflect  .     (gloves currently unavailable)
SustAt .         Harm     .     (boots currently unavailable)
MR     .....                    (no amulet)
Stlth  ++++......               (ring currently unavailable)
                                (ring currently unavailable)

@: bat-form, flying, regenerating slowly, very quick, not resistant to hostile
enchantments, stealthy
A: fangs 3, see invisible, (unbreathing)
a: End Transformation


You were on level 3 of the Dungeon.
You were near bloodless.
You were in vampire-bat-form.
You visited 1 branch of the dungeon, and saw 3 of its levels.

You collected 113 gold pieces.

Inventory:

Hand Weapons
 a - a +1 dagger (melded)
Armour
 b - a +1 robe (melded)
Jewellery
 e - an uncursed ring of ice
 q - an uncursed amulet of harm {unknown}
 r - a cursed -2 ring of intelligence {unknown}
Scrolls
 f - a scroll of teleportation {unknown}
 h - a scroll of magic mapping {unknown}
 i - 3 scrolls of identify {unknown}
 j - 2 scrolls of fear {unknown}
 k - a scroll of enchant armour {unknown}
 l - a scroll of remove curse {unknown}
 p - a scroll of random uselessness {unknown}
Potions
 d - 9 potions of blood
 g - 3 potions of curing {unknown}
 m - a potion of haste {unknown}
 n - 2 potions of lignification {unknown}
 o - a potion of cancellation {unknown}
Books
 c - a book of Maledictions

   Spells                             Type                      Level
   a - Corona                         Hexes                        1
   b - Ensorcelled Hibernation        Hexes/Ice                    2
   c - Confuse                        Hexes                        3
   d - Tukima's Dance                 Hexes                        3
   e - Dazzling Spray                 Conjuration/Hexes            3


   Skills:
 + Level 0.8 Fighting
 * Level 2.7 Short Blades
 * Level 2.9 Dodging
 + Level 5.1 Stealth
 + Level 2.3 Spellcasting
 + Level 5.0 Hexes


You had 4 spell levels left.
You knew the following spells:

 Your Spells              Type           Power        Failure   Level  Hunger
a - Corona                Hex            ###....      2%          1    #......
b - Ensorcelled Hibernat  Hex/Ice        ##....       12%         2    ###....


Dungeon Overview and Level Annotations

Branches:
Dungeon (3/15)

Altars:


Innate Abilities, Weirdness & Mutations

You heal slowly.
You have razor-sharp teeth.
You have supernaturally acute eyesight.
((You can survive without breathing.))


Message History

The orc wizard casts a spell at you. The magic dart hits you!
You hit the worm.
The worm is lightly wounded.
The orc wizard hits you but does no damage.
You hit the orc wizard.
The orc wizard is severely wounded.
The worm bites you.
* * * LOW HITPOINT WARNING * * *
The orc wizard closely misses you.
The orc wizard points at you and mumbles some strange words.
The magic dart hits you!
* * * LOW HITPOINT WARNING * * *
You turn into a vampire bat.
Your +1 dagger melds into your body.
Your +1 robe melds into your body.
Unknown command.
The orc wizard is no longer moving quickly.
The orc wizard casts a spell at you. The magic dart hits you!
You die...

######### #...... #.......#
##...... #......)# #.......
#.......# #######.......
#.......####.......(.....
#.......##...#######.#### ###
####.#..#..### #####.#### ...
#.##...######......... ###.#
######.(.(b.#[.....##......
#....##...o...##.##%...#.........
.......o####.###....<....#.......
?.....†.# #)###.................
......#.####..#....###.#.........
......#.w.##(......# #...........
...........(..#..#...###.........
#...#####............ ...........
#### #..#.....................


You could see an orc wizard.

Vanquished Creatures
  Ijyb (D:2)
  An adder (D:2)
  An ooze (D:1)
  2 dart slugs (D:1)
  4 orcs
  A giant cockroach (D:2)
  5 goblins
  5 hobgoblins
  4 jackals (D:2)
  2 quokkas (D:2)
  5 bats
  6 giant newts
  8 kobolds
  5 rats
50 creatures vanquished.

Notes
Turn   | Place    | Note
--------------------------------------------------------------
     0 | D:1      | epen the Vampire Enchanter began the quest for the Orb.
     0 | D:1      | Reached XP level 1. HP: 13/13 MP: 3/3
    79 | D:1      | Reached XP level 2. HP: 15/20 MP: 5/5
   157 | D:1      | Learned a level 2 spell: Ensorcelled Hibernation
   432 | D:1      | You fall through a shaft!
   869 | D:1      | Reached XP level 3. HP: 15/25 MP: 1/6
  1399 | D:2      | Noticed Ijyb
  1405 | D:2      | Killed Ijyb
  1405 | D:2      | Reached skill level 5 in Hexes
  1405 | D:2      | Reached XP level 4. HP: 31/31 MP: 4/7
  1469 | D:2      | Reached skill level 5 in Stealth
  2403 | D:3      | Killed from afar by an orc wizard

Vault maps used:
D:1:      minmay_arrival_split_and_join, minivault_19
D:2:      wad_river_or_something, uniq_iyjb
D:3:      portal_sewer_entry_f, minmay_ruptured

Skill      XL: |  1  2  3  4 |
---------------+-------------+-----
Short Blades   | 2 |  2.7
Hexes          | 5 |  5.0
Stealth        | 5 |  5.1
Fighting       | |  0.8
Dodging        | |  2.9
Spellcasting   | |  2.3

Action                   |  1- 3 |  4- 6 || total
-------------------------+-------+-------++-------
Melee: Dagger            |    81 |    87 ||   168
       Bite              |     4 |    12 ||    16
 Cast: Ensorcelled Hiber |     6 |    11 ||    17
 Abil: Bat Form          |       |     1 ||     1
 Stab: Sleeping          |    13 |     7 ||    20
       Distracted        |       |     1 ||     1
Armor: Robe              |    13 |    12 ||    25
Dodge: Dodged            |    40 |    55 ||    95
